Map: Central Protocol

Players

LilDicky

  • Race: Terran Terran
  • League: Platinum

Ikswoot - Winner!

  • Race: Protoss Protoss
  • League: Gold

VOD

http://www.twitch.tv/tumescentpie

Description

Time

  • Played on: Nov. 20, 2015, 12:36 p.m.
  • Length: 9:08
Show
View Real Time Build Order
Export as new Build Order

LilDicky Terran 

Build Orders: Command Center First (CC) 

Get SALT Encoding   

  12  0:02  SCV  
  13  0:14  SCV  
  14  0:22  Supply Depot  
  14  0:36  SCV  
  15  0:48  SCV  
  16  1:00  SCV  
  16  1:04  Command Center  
  17  1:21  SCV  
  18  1:33  Barracks  
  18  1:35  SCV  
  19  1:41  Barracks  
  19  1:49  SCV  
  20  2:05  Supply Depot  
  20  2:13  SCV  
  21  2:22  Marine  
  22  2:24  Orbital Command  
  22  2:25  Orbital Command  
  22  2:30  Marine  
  22  2:35  Refinery  
  22  2:36  Refinery  
  23  2:45  Marine  
  23  2:47  Marine  
  25  3:02  SCV  
  25  3:03  SCV, Marine  
  28  3:13  Marine  
  28  3:14  SCV  
  28  3:15  SCV  
  31  3:21  Bunker  
  31  3:22  Marine  
  31  3:25  Bunker  
  31  3:26  SCV  
  33  3:30  SCV  
  33  3:33  Factory  
  33  3:34  Refinery x2  
  34  3:35  Supply Depot  
  34  3:39  SCV, Marine  
  34  3:40  Marine  
  37  3:43  SCV  
  38  3:51  SCV  
  39  3:59  SCV, Marine x2  
  42  4:05  Engineering Bay  
  42  4:07  SCV  
  43  4:11  SCV  
  44  4:19  SCV  
  45  4:25  SCV, Marine x2  
  45  4:29  Factory Tech Lab  
  45  4:30  Starport  
  48  4:37  Starport  
  48  4:39  SCV x2, Missile Turret  
  48  4:43  Marine  
  51  4:57  SCV  
  51  4:58  Factory Tech Lab  
  52  5:02  Marine x2  
  54  5:09  Missile Turret  
  53  5:22  Starport Tech Lab  
  53  5:29  Supply Depot, Marine  
  53  5:35  Supply Depot  
  54  5:36  Supply Depot x2  
  54  5:42  Cloaking Field  
  54  5:43  Command Center  
  54  5:47  Fusion Core  
  54  5:50  Banshee, Marine  
  54  5:51  SCV, Siege Tank  
  61  6:00  SCV  
  61  6:03  SCV  
  63  6:16  Marine x2  
  65  6:23  Hellion  
  67  6:26  Bunker  
  67  6:27  Bunker  
  67  6:34  Banshee x2  
  73  7:02  Advanced Ballistics  
  73  7:04  Hyperflight Rotors  
  73  7:17  Battlecruiser  
  62  7:35  Banshee  
  52  7:55  SCV  
  53  7:59  Siege Tank  
  56  8:07  SCV  
  57  8:18  Banshee  
  57  8:19  SCV  
  61  8:21  Supply Depot  
  61  8:22  Orbital Command  
Show
View Real Time Build Order
Export as new Build Order

Ikswoot Protoss - Winner!

Build Orders: 1 Gate Expand 

Get SALT Encoding   

  12  0:01  Probe (Chrono Boost)  
  13  0:12  Probe (Chrono Boost)  
  14  0:19  Pylon  
  14  0:22  Probe (Chrono Boost)  
  15  0:38  Probe (Chrono Boost)  
  15  0:39  Gateway  
  16  0:48  Probe (Chrono Boost)  
  17  0:59  Probe (Chrono Boost)  
  18  1:09  Probe (Chrono Boost)  
  19  1:15  Nexus  
  19  1:21  Assimilator  
  19  1:32  Cybernetics Core  
  19  1:36  Probe (Chrono Boost)  
  20  1:40  Pylon  
  21  1:47  Probe (Chrono Boost)  
  21  1:57  Probe (Chrono Boost)  
  22  2:08  Probe (Chrono Boost)  
  23  2:15  Warp Gate (Chrono Boost), Assimilator  
  23  2:25  Probe (Chrono Boost)  
  23  2:27  Pylon  
  23  2:28  Probe (Chrono Boost)  
  25  2:36  Probe (Chrono Boost)  
  26  2:41  Gateway  
  26  2:42  Pylon  
  26  2:46  Mothership Core (Chrono Boost)  
  27  2:55  Probe (Chrono Boost)  
  28  3:02  Pylon  
  28  3:05  Probe, Pylon  
  28  3:06  Probe  
  30  3:16  Probe  
  30  3:18  Probe  
  32  3:25  Robotics Facility  
  32  3:30  Probe x2  
  34  3:37  Assimilator  
  34  3:39  Assimilator  
  34  3:41  Probe  
  34  3:42  Probe  
  34  3:43  Sentry  
  38  3:51  Probe  
  38  3:54  Probe  
  40  3:56  Pylon  
  40  4:02  Gateway  
  40  4:07  Probe  
  40  4:08  Gateway  
  40  4:09  Probe  
  42  4:19  Immortal (Chrono Boost)  
  42  4:21  Probe  
  47  4:24  Adept  
  47  4:25  Sentry  
  47  4:28  Probe  
  52  4:35  Probe  
  53  4:48  Probe  
  53  4:49  Forge  
  53  4:50  Probe  
  55  4:53  Adept x2  
  55  4:59  Immortal (Chrono Boost)  
  59  5:05  Adept x2  
  67  5:16  Probe  
  67  5:17  Probe  
  69  5:23  Protoss Ground Weapons Level 1 (Chrono Boost)  
  69  5:25  Adept  
  69  5:26  Adept x3  
  77  5:41  Pylon  
  77  5:43  Pylon  
  77  5:44  Pylon x2  
  77  6:05  Adept x2  
  77  6:06  Adept  
  77  6:09  Adept  
  77  6:11  Warp Prism  
  85  6:13  Pylon  
  87  6:26  Robotics Bay  
  87  6:42  Immortal  
  85  6:51  Adept x4  
  97  6:55  Assimilator  
  97  6:57  Nexus  
  97  6:59  Probe  
  97  7:00  Probe  
  97  7:01  Assimilator  
  99  7:05  Protoss Ground Armor Level 1 (Chrono Boost)  
  99  7:06  Pylon  
  99  7:12  Probe  
  98  7:24  Adept  
  98  7:25  Adept x3  
  96  7:50  Stalker x2  
  96  7:51  Stalker x2  
  96  8:14  Photon Cannon  
  96  8:17  Disruptor, Photon Cannon  
  96  8:20  Photon Cannon  
  96  8:21  Photon Cannon  
  96  8:24  Photon Cannon  
  96  8:25  Probe  
  96  8:26  Probe x2  
  102  8:27  Photon Cannon  
  101  8:36  Stalker x3  
  101  8:37  Stalker  
  101  8:38  Probe  
  101  8:39  Probe  
Tags
 
Add a new tag
Caveats
  • Supply blocks, unpowered buildings, or Contaminate may cause inaccurate times.
  • Supply counts are checked every 10 seconds.